 Dungeon Crawl Stone Soup version 0.29-a0-847-g24c0ca63c9 (webtiles) character file.

Game seed: 6868308805446598459

2055 Malachi the Cleaver (level 9, -2/67 HPs)
             Began as a Palentonga Fighter on July 16, 2022.
             Shot with a sling bullet by a human (11 damage)
             ... on level 6 of the Dungeon.
             The game lasted 00:09:39 (6914 turns).

Malachi the Cleaver (Palentonga Fighter)            Turns: 6914, Time: 00:09:39

Health: -2/67      AC: 17    Str: 23    XL:     9   Next: 5%
Magic:  9/9        EV:  5    Int: 10    God:
Gold:   236        SH:  4    Dex: 13    Spells: 8/8 levels left

rFire   + . .      SeeInvis +   A - +6 hand axe of Oteypargh {vorpal, rF+ rC+ Will+ Dex+4}
rCold   + + +      Faith    .   c - +0 buckler
rNeg    . . .      Spirit   .   i - +3 chain mail {rC+}
rPois   +          Reflect  .   (no helmet)
rElec   .          Harm     .   (no cloak)
rCorr   .          Rampage  .   (no gloves)
Will    +....                   (no barding)
Stlth   ..........              (no amulet)
HPRegen 0.21/turn               b - ring of protection from cold
MPRegen 0.11/turn               w - ring of poison resistance

@: about to teleport, curled up
A: large, rugged brown scales 3, see invisible, deformed body, roll 1, armoured
tail, reflexive curl
a: Rolling Charge


You were on level 6 of the Dungeon.
You visited 2 branches of the dungeon, and saw 8 of its levels.

You collected 381 gold pieces.
You spent 145 gold pieces at shops.

Inventory:

Hand Weapons
 a - a +0 war axe
 e - a +1 whip of flaming
 j - a +2 vorpal mace
 A - the +6 hand axe of Oteypargh (weapon) {vorpal, rF+ rC+ Will+ Dex+4}
   (You found it on level 6 of the Dungeon)

   It inflicts extra damage upon your enemies.
   Dex:       It affects your dexterity (+4).
   rF:        It protects you from fire.
   rC:        It protects you from cold.
   Will:      It increases your willpower.
Armour
 c - a +0 buckler (worn)
 i - a +3 chain mail of cold resistance (worn)
 o - a +1 ring mail of fire resistance
Jewellery
 b - a ring of protection from cold (left hand)
 w - a ring of poison resistance (right hand)
Wands
 p - a wand of flame (21)
 t - a wand of digging (6)
 v - a wand of polymorph (10)
Scrolls
 g - 2 scrolls of vulnerability
 l - 3 scrolls of amnesia
 q - 2 scrolls of fog
 r - 2 scrolls of enchant weapon {unknown}
 y - a scroll of torment {unknown}
 z - 2 scrolls of identify
Potions
 d - 2 potions of might
 f - a potion of ambrosia {unknown}
 h - 2 potions of mutation {unknown}
 k - 2 potions of curing
 n - 3 potions of brilliance {unknown}
 s - a potion of lignification {unknown}
 u - 2 potions of attraction {unknown}
 x - a potion of flight {unknown}


   Skills:
 - Level 3.0 Fighting
 * Level 10.1(10.9) Axes
 - Level 6.3(9.1) Maces & Flails
 - Level 2.4 Armour
 - Level 0.3 Dodging
 - Level 2.6 Shields
 - Level 0.2 Evocations


You had 8 spell levels left.
You didn't know any spells.
Your spell library contained the following spells:

 Spells                   Type           Power      Damage    Failure   Level
 Foxfire                  Conj/Fire      0%         2x1d4     98%         1
 Magic Dart               Conj           0%         1d3       98%         1
 Call Imp                 Summ           0%         N/A       99%         2
 Mephitic Cloud           Conj/Pois/Air  0%         N/A       100%        3
 Freezing Cloud           Conj/Ice/Air   0%         6-21      100%        5
 Malign Gateway           Summ/Tloc      0%         N/A       100%        7
 Summon Horrible Things   Summ           0%         N/A       100%        8
 Death's Door             Necr           0%         N/A       100%        9


Dungeon Overview and Level Annotations

Branches:
Dungeon (7/15)             Temple (1/1) D:4

Altars:
Ashenzari
Cheibriados
Elyvilon
Gozag
Hepliaklqana
Kikubaaqudgha
Makhleb
Nemelex Xobeh
Okawaru
Sif Muna
Trog
Vehumet
Wu Jian
Xom
Yredelemnul
Zin
The Shining One

Shops:
D:3 *   D:5 =:((


Innate Abilities, Weirdness & Mutations

You are completely covered in rugged brown scales. (AC +3, +7% HP)
You have supernaturally acute eyesight. (SInv)
Armour fits poorly on your strangely shaped body.
You can roll at nearby foes to attack.
You have a long armoured tail.
You curl defensively after being hit. (AC +7*)


Message History

The ogre attacks as you move away! The ogre hits you with a +0 giant club!
The gnoll hits you but does no damage.
You hit the ogre.
The ogre is moderately wounded.
The gnoll hits you but does no damage. The ogre hits you with a +0 giant club.
You slash the ogre!
The ogre is severely wounded.
You hit the ogre.
You kill the ogre!
The gnoll hits you from afar with a +0 spear.
Your Axes skill increases to level 10!
Roll where?
Press: ? - help, Dir - move target, f - gnoll
Aim: a gnoll, wielding a +0 spear You roll forward with a clatter of scales!
You slash the gnoll!
You kill the gnoll!
You hear a bark!
You hear a shout! x2
You closely miss the human.
A human comes into view. It is wielding a +0 sling.
The human hits you with a +0 mace. The human hits you with a +0 club.
Things that are here:
a +0 spear; a +0 giant club Unknown command.
As you read the scroll of teleportation, it crumbles to dust.
You feel strangely unstable. The human hits you with a +0 club.
* * * LOW HITPOINT WARNING * * *
The human hits you with a +0 mace.
* * * LOW HITPOINT WARNING * * *
There's nothing you can charge at!
A hound comes into view.
The human shoots a sling bullet.
The sling bullet hits you!
* * * LOW HITPOINT WARNING * * *
The human hits you with a +0 club.
* * * LOW HITPOINT WARNING * * *
There's nothing you can charge at!
Okay, then.
The human attacks as you move away! You block the human's attack.
The human shoots a sling bullet.
The sling bullet hits you!
You die... .... ..# ..... #.# .... #.#p#g. ...##p# 'gg

#..#.###Og #.#.. .g .
#...# #g # #.@# #.##
#p.# #..# # ##p#####.#
# #hg.pg..##### ####
#...#####.....###...
#..... #.###.......
#.....................
##########........####
#............


You could see 3 humans, a hound and a gnoll.

Vanquished Creatures
  Pikel (D:5)
  A human (D:6)
  2 ogres
  2 black bears
  A phantom (D:4)
  2 bullfrogs (D:5)
  A necrophage (D:5)
  A gnoll sergeant (D:7)
  3 electric eels (D:3)
  5 hounds
  A jelly (D:5)
  3 orc priests
  3 iguanas
  4 orc wizards
  8 adders
  2 gnolls
  A shadow imp (D:5)
  An ufetubus (D:4)
  2 worms
  3 dart slugs
  19 orcs
  6 endoplasms
  4 giant cockroaches
  4 goblins
  5 hobgoblins
  6 kobolds
  4 quokkas
  6 ball pythons
  2 frilled lizards (D:1)
  6 rats
109 creatures vanquished.

Vanquished Creatures (others)
  2 plants (D:3)
2 creatures vanquished.

Grand Total: 111 creatures vanquished

Notes
Turn   | Place    | Note
-------+----------+-------------------------------------------
     0 | D:1      | Malachi the Palentonga Fighter began the quest for the Orb.
     0 | D:1      | Reached XP level 1. HP: 19/19 MP: 1/1
    67 | D:1      | Found a faded altar of an unknown god.
   131 | D:1      | Reached XP level 2. HP: 25/25 MP: 2/2
   230 | D:1      | Reached skill level 3 in Axes
   740 | D:2      | Reached XP level 3. HP: 28/31 MP: 3/3
  1358 | D:3      | Reached skill level 4 in Axes
  1370 | D:3      | Reached XP level 4. HP: 37/37 MP: 4/4
  1464 | D:3      | Found a transporter.
  1597 | D:3      | Found a transporter.
  1855 | D:3      | Found Cemannec's Assorted Antiques.
  1863 | D:3      | Bought a sapphire ring for 145 gold pieces
  2418 | D:3      | Reached skill level 5 in Axes
  2418 | D:3      | Reached XP level 5. HP: 43/43 MP: 5/5
  2616 | D:3      | Reached skill level 6 in Axes
  2962 | D:4      | Reached XP level 6. HP: 50/50 MP: 6/6
  3273 | D:4      | Reached skill level 7 in Axes
  3284 | D:4      | Gained mutation: You curl defensively after being hit. (AC
                  | +7*) [Palentonga growth]
  3284 | D:4      | Reached XP level 7. HP: 48/55 MP: 7/7
  3323 | D:4      | Found a staircase to the Ecumenical Temple.
  3388 | Temple   | Entered the Ecumenical Temple
  3705 | D:5      | Entered Level 5 of the Dungeon
  3708 | D:5      | Found Itawowk's Jewellery Shoppe.
  3915 | D:5      | Found Donlistreul's Antique Weapon Boutique.
  3947 | D:5      | Reached skill level 8 in Axes
  4342 | D:5      | Reached skill level 9 in Axes
  4935 | D:5      | Got the Tome of Levity
  5015 | D:5      | Found Wuor's Book Shop.
  5018 | D:5      | Reached XP level 8. HP: 62/62 MP: 8/8
  5045 | D:5      | Found Hiqaul Obbegh's Weapon Boutique.
  5288 | D:6      | Noticed Pikel
  5296 | D:5      | Reached skill level 1 in Maces & Flails
  5366 | D:5      | Killed Pikel
  5367 | D:5      | Reached skill level 5 in Maces & Flails
  6270 | D:6      | Identified the +6 hand axe of Oteypargh {vorpal, rF+ rC+
                  | Will+ Dex+4}
  6590 | D:7      | Reached XP level 9. HP: 14/67 MP: 9/9
  6598 | D:7      | HP: 3/67 [poisoned by a gnoll sergeant]
  6908 | D:6      | Reached skill level 10 in Axes
  6914 | D:6      | Shot with a sling bullet by a human

Illustrated notes

Levels and vault maps discovered:
D:1:      giann_wishing_wells, layout_rooms, shapermc_ecumenical_altar_pompeii,
          amcnicky_mini_corridor_feature
D:2:      minmay_chambers_of_ones, layout_loops_cross
D:3:      gammafunk_steamed_eel, layout_basic, serial_shops, shop
D:4:      layout_rooms, minmay_temple_entry_nine_rooms, grunt_ministairs_6
D:5:      layout_basic, serial_shops, nicolae_lakefront_shop,
          nicolae_diamond_shop, nicolae_diamond_shop, shop,
          lightli_corner_chamber
D:6:      layout_rooms, nrook_mini_vaults, minmay_ruffians, uniq_pikel
D:7:      layout_gridville
Temple:   nicolae_temple_bog_church

Skill      XL: |  1  2  3  4  5  6  7  8  9 |
---------------+----------------------------+-----
Axes           | 3 4 5 6 7 9 10 | 10.1
Maces & Flails | 6 |  6.3
Fighting       | |  3.0
Armour         | |  2.4
Dodging        | |  0.3
Shields        | |  2.6
Evocations     | |  0.2

Action                   |  1- 3 |  4- 6 |  7- 9 || total
-------------------------+-------+-------+-------++-------
Melee: War axe           |    30 |       |       ||    30
       Tailslap          |     9 |     5 |    19 ||    33
       Mace              |    44 |    65 |   153 ||   262
       Hand axe          |       |       |    20 ||    20
 Abil: Rolling Charge    |     4 |    11 |     6 ||    21
Evoke: Wand              |       |     4 |       ||     4
  Use: Scroll            |     1 |       |     5 ||     6
       Potion            |       |       |     3 ||     3
Armor: Scale mail        |    38 |       |       ||    38
       Ring mail         |       |    21 |    54 ||    75
       Skin              |       |     2 |       ||     2
       Chain mail        |       |       |    48 ||    48
Dodge: Dodged            |    16 |    21 |    65 ||   102
Block: Buckler           |    10 |    10 |    29 ||    49

Table legend: (Time is in decaauts)
 A = Elapsed time spent in this place.
 B = Non-inter-level travel time spent in this place.
 C = Inter-level travel time spent in this place.
 D = Time resting spent in this place.
 E = Time spent auto-exploring this place.
 F = Levels seen in this place.
 G = Mean time per level.
                   A        B        C        D        E       F      G
               +--------+--------+--------+--------+--------+-----+--------+
         Total |   6986 |   6586 |    400 |   2231 |   3475 |   8 |  873.2 |
       Dungeon |   6796 |   6417 |    379 |   2231 |   3325 |   7 |  970.9 |
        Temple |    189 |    168 |     21 |      0 |    150 |   1 |  189.0 |
               +--------+--------+--------+--------+--------+-----+--------+

Top non-repeatable levels by time:
     D:5: 2137 daAuts
     D:3: 1659 daAuts
     D:2: 902 daAuts
     D:4: 885 daAuts
     D:7: 510 daAuts
     D:1: 404 daAuts
     D:6: 294 daAuts
  Temple: 189 daAuts
